Rafales vs Influenza
Created - 7 février 2016 at 22:59
Goals
|
| Rafales |
2 |
2 |
1 |
5 |
| Influenza |
0 |
0 |
3 |
3 |
|
Shots
|
| Rafales |
18 |
14 |
7 |
39 |
| Influenza |
8 |
13 |
15 |
36 |
|
1st period
1. Rafales , Dmitry Kulikov 5 (Ryan Ellis, Eddie Lack) at 13:24 (PP)
2. Rafales , Cody McLeod 35 (Milan Bartovic, Mike Zigomanis) at 19:59
Penalties :
Dmitry Kulikov (Stf) for Hooking (Minor) at 10:31, Colin McDonald (VJB) for Tripping (Minor) at 13:14
2nd period
3. Rafales , Nathan Davis 19 (Ryan Ellis) at 11:44
4. Rafales , Nathan Davis 20 (Michael Bournival, Ryan Ellis) at 14:13
Penalties :
Corey Tropp (VJB) for Hooking (Minor) at 17:32
3rd period
5. Influenza , Ryan Carter 31 (Mathieu Carle) at 4:14
6. Rafales , Nathan Davis 21 (Ryan Ellis, Dmitry Kulikov) at 5:50
7. Influenza , Ben Smith 22 (Robbie Earl, Noah Welch) at 17:23
8. Influenza , Jeremy Morin 8 (Zac Dalpe, Jamie Benn) at 19:52
Penalties :
Colin McDonald (VJB) for Slashing (Minor) at 11:26
Goalie Stats
Eddie Lack (Stf), 33 saves from 36 shots - (0,917), W, 10-6-2, 60:00 minutes
Alex Stalock (VJB), 34 saves from 39 shots - (0,872), L, 24-9-4, 60:00 minutes
Players Stats for Rafales
Player Name G A P +/- PIM S H SB GA TA FO MP PP MP PK MP
------------------------------------------------------------------------------------
Bruno Gervais 0 0 0 0 0 4 3 2 0 0 0/0 23:01 1:58 1:17
Cody McLeod 1 0 1 -1 0 4 4 0 0 0 1/1 22:05 1:44 0:38
Dmitry Kulikov 1 1 2 1 2 2 0 3 0 0 0/0 23:46 2:56 0:00
Jeff Skinner 0 0 0 0 0 3 0 1 0 1 0/1 12:41 0:27 0:17
Johan Ryno 0 0 0 0 0 2 0 0 0 0 0/0 7:02 0:24 0:00
Jonas Junland 0 0 0 1 0 1 2 0 0 2 0/0 13:24 0:40 0:42
Jonathan Rheault 0 0 0 0 0 1 1 1 0 0 0/0 11:47 0:00 0:00
Kevin Veilleux 0 0 0 0 0 2 3 0 0 0 2/3 11:47 0:00 0:00
Mark Fayne 0 0 0 -1 0 0 0 1 0 2 0/0 14:17 0:00 0:00
Michael Bournival 0 1 1 2 0 2 1 0 0 2 0/0 16:36 0:00 0:00
Mike Sislo 0 0 0 0 0 1 1 0 0 0 0/0 8:40 1:57 0:00
Mike Zigomanis 0 1 1 -1 0 2 0 1 1 0 15/32 21:57 1:47 1:04
Milan Bartovic 0 1 1 -1 0 1 1 1 0 0 1/4 21:57 1:47 1:04
Nathan Davis 3 0 3 2 0 5 2 0 1 0 9/23 18:53 1:57 0:38
Petr Kalus 0 0 0 0 0 1 0 1 0 0 2/2 7:23 0:24 0:17
Ryan Ellis 0 4 4 2 0 2 1 1 0 1 0/0 28:23 2:30 0:42
Tim Crowder 0 0 0 2 0 6 0 0 0 1 1/2 18:15 1:57 0:00
Willie Mitchell 0 0 0 -1 0 0 0 0 0 0 0/0 16:06 0:12 1:17
Players Stats for Influenza
Player Name G A P +/- PIM S H SB GA TA FO MP PP MP PK MP
------------------------------------------------------------------------------------
Ben Smith 1 0 1 1 0 4 1 1 1 0 3/4 19:33 1:06 0:51
Carl Gunnarsson 0 0 0 0 0 0 0 0 0 0 0/0 13:54 0:00 0:00
Charlie Coyle 0 0 0 0 0 0 0 0 0 0 1/2 8:32 0:00 0:17
Colin McDonald 0 0 0 0 4 0 3 0 0 0 0/0 8:13 0:00 0:00
Corey Tropp 0 0 0 0 2 0 1 0 1 0 0/0 10:57 0:00 0:00
Evgeny Grachev 0 0 0 0 0 0 1 0 0 0 4/7 10:38 0:00 0:00
Jamie Benn 0 1 1 -2 0 3 0 0 0 0 1/2 19:13 0:53 1:23
Jeff May 0 0 0 0 0 1 0 0 1 1 0/0 13:54 0:00 0:00
Jeremy Morin 1 0 1 -2 0 2 0 0 1 0 0/0 17:50 0:53 0:00
John Klingberg 0 0 0 0 0 3 0 0 1 0 0/0 18:44 0:42 2:00
Mathieu Carle 0 1 1 -1 0 2 1 1 1 0 0/0 27:22 1:17 2:08
Matt Corrente 0 0 0 0 0 1 2 3 0 0 0/0 18:44 0:42 2:00
Noah Welch 0 1 1 -1 0 3 2 4 0 0 0/0 27:22 1:17 2:08
Robbie Earl 0 1 1 1 0 2 1 1 0 1 3/4 21:40 1:06 2:31
Ryan Carter 1 0 1 1 0 5 1 0 1 0 19/36 21:40 1:06 2:31
Ryan Russell 0 0 0 0 0 2 1 0 0 0 0/0 9:05 0:00 0:43
T.J Galiardi 0 0 0 0 0 3 0 0 1 0 1/1 10:38 0:00 0:00
Zac Dalpe 0 1 1 -2 0 5 4 0 1 0 5/12 17:50 0:53 0:00
3 Stars
1 - Nathan Davis (Stf)
2 - Ryan Ellis (Stf)
3 - Dmitry Kulikov (Stf)
Power Play
Rafales - 1 on 3 Attempt(s) - 33,33%
Influenza - 0 on 1 Attempt(s) - 0,00%
Penalty Kill
Rafales - 1 on 1 Attempt(s) - 100,00%
- Score 0 goal in Penalty Kill
Influenza - 2 on 3 Attempt(s) - 66,67%
- Score 0 goal in Penalty Kill
Team Stat
Rafales - Hits : 19 - Faceoff Wins : 31 - Blocked Shots : 12 - Penalty Minutes : 2
Influenza - Hits : 18 - Faceoff Wins : 37 - Blocked Shots : 10 - Penalty Minutes : 6
Official
Referees : Rehman Kyle and Kozari Steve
Linesman : Scott Driscoll and Don Henderson
Game Notes
Jonas Junland is injured at 2:30 of 3rd period (Groin)
Nathan Davis has scored a Hat Trick!
Finance
Level 1 -- Attendance: 1601 (80,05%) -- Ticket Income 64 040 $
Level 2 -- Attendance: 781 (78,10%) -- Ticket Income 15 620 $
Total Attendance: 2382 (79,40%)
Total Ticket Income: 79 660 $
Other Income: 3 983 $
Total Income: 83 643 $
Rafales
5 vs 5 Forward
Center Left Wing Right Wing Time % Phy DF OF
1 Mike Zigomanis Cody McLeod Milan Bartovic 40 0 2 3
2 Nathan Davis Michael Bournival Tim Crowder 30 0 1 4
3 Kevin Veilleux Jeff Skinner Jonathan Rheault 20 0 2 3
4 Petr Kalus Mike Sislo Johan Ryno 10 0 2 3
5 vs 5 Defense
Defense Defense Time % Phy DF OF
1 Ryan Ellis Bruno Gervais 40 0 2 3
2 Dmitry Kulikov Jonas Junland 30 0 2 3
3 Willie Mitchell Mark Fayne 20 0 3 2
4 Dmitry Kulikov Ryan Ellis 10 0 3 2
PowerPlay Forward
Center Left Wing Right Wing Time % Phy DF OF
1 Mike Zigomanis Cody McLeod Milan Bartovic 60 0 0 5
2 Nathan Davis Mike Sislo Tim Crowder 40 0 0 5
PowerPlay Defense
Defense Defense Time % Phy DF OF
1 Ryan Ellis Dmitry Kulikov 60 0 2 3
2 Bruno Gervais Jonas Junland 40 0 2 3
Penalty Kill 4 Players Forward
Center Wing Time % Phy DF OF
1 Mike Zigomanis Milan Bartovic 60 0 3 2
2 Cody McLeod Nathan Davis 40 0 3 2
Penalty Kill 4 Players Defense
Defense Defense Time % Phy DF OF
1 Willie Mitchell Bruno Gervais 60 0 4 1
2 Dmitry Kulikov Jonas Junland 40 0 4 1
Penalty Kill - 3 Players Forward
Forward Time % Phy DF OF
1 Mike Zigomanis 60 0 5 0
2 Milan Bartovic 40 0 5 0
Penalty Kill - 3 Players Defense
Defense Defense Time % Phy DF OF
1 Willie Mitchell Bruno Gervais 60 0 5 0
2 Dmitry Kulikov Mark Fayne 40 0 5 0
4 vs 4 Forward
Center Wing Time % Phy DF OF
1 Mike Zigomanis Milan Bartovic 60 0 1 4
2 Cody McLeod Nathan Davis 40 0 2 3
4 vs 4 Defense
Defense Defense Time % Phy DF OF
1 Ryan Ellis Dmitry Kulikov 60 0 3 2
2 Bruno Gervais Mark Fayne 40 0 3 2
Last Minutes Offensive
Center Left Wing Right Wing Defense Defense
Mike Zigomanis Cody McLeod Milan Bartovic Ryan Ellis Dmitry Kulikov
Last Minutes Defensive
Center Left Wing Right Wing Defense Defense
Mike Zigomanis Cody McLeod Milan Bartovic Willie Mitchell Bruno Gervais
Goaltenders
Starting : Eddie Lack
Backup : Loïc Lacasse
Extra Forwards
Normal : Cody McLeod, Mike Zigomanis, Michael Bournival - PP : Cody McLeod, Mike Zigomanis - PK : Milan Bartovic
Extra Defensemen
Normal : Ryan Ellis, Dmitry Kulikov, Bruno Gervais - PP : Ryan Ellis - PK : Dmitry Kulikov, Willie Mitchell
Penalty Shots
Mike Zigomanis, Milan Bartovic, Cody McLeod, Nathan Davis, Mike Sislo
Influenza
5 vs 5 Forward
Center Left Wing Right Wing Time % Phy DF OF
1 Ryan Carter Robbie Earl Ben Smith 40 1 2 2
2 Zac Dalpe Jamie Benn Jeremy Morin 30 1 2 2
3 Evgeny Grachev T.J Galiardi Corey Tropp 20 1 2 2
4 Charlie Coyle Ryan Russell Colin McDonald 10 1 2 2
5 vs 5 Defense
Defense Defense Time % Phy DF OF
1 Noah Welch Mathieu Carle 40 1 2 2
2 John Klingberg Matt Corrente 30 1 2 2
3 Carl Gunnarsson Jeff May 20 1 2 2
4 Noah Welch Mathieu Carle 10 1 2 2
PowerPlay Forward
Center Left Wing Right Wing Time % Phy DF OF
1 Ryan Carter Robbie Earl Ben Smith 60 1 2 2
2 Zac Dalpe Jamie Benn Jeremy Morin 40 1 2 2
PowerPlay Defense
Defense Defense Time % Phy DF OF
1 Noah Welch Mathieu Carle 60 1 2 2
2 John Klingberg Matt Corrente 40 1 2 2
Penalty Kill 4 Players Forward
Center Wing Time % Phy DF OF
1 Ryan Carter Robbie Earl 60 1 2 2
2 Ben Smith Jamie Benn 40 1 2 2
Penalty Kill 4 Players Defense
Defense Defense Time % Phy DF OF
1 Noah Welch Mathieu Carle 60 1 2 2
2 John Klingberg Matt Corrente 40 1 2 2
Penalty Kill - 3 Players Forward
Forward Time % Phy DF OF
1 Ryan Carter 60 1 2 2
2 Robbie Earl 40 1 2 2
Penalty Kill - 3 Players Defense
Defense Defense Time % Phy DF OF
1 Noah Welch Mathieu Carle 60 1 2 2
2 John Klingberg Matt Corrente 40 1 2 2
4 vs 4 Forward
Center Wing Time % Phy DF OF
1 Ryan Carter Robbie Earl 60 1 2 2
2 Ben Smith Jamie Benn 40 1 2 2
4 vs 4 Defense
Defense Defense Time % Phy DF OF
1 Noah Welch Mathieu Carle 60 1 2 2
2 John Klingberg Matt Corrente 40 1 2 2
Last Minutes Offensive
Center Left Wing Right Wing Defense Defense
Ryan Carter Robbie Earl Ben Smith Noah Welch Mathieu Carle
Last Minutes Defensive
Center Left Wing Right Wing Defense Defense
Ryan Carter Robbie Earl Ben Smith Noah Welch Mathieu Carle
Goaltenders
Starting : Alex Stalock
Backup : Thomas McCollum
Extra Forwards
Normal : T.J Galiardi, Evgeny Grachev, Ryan Russell - PP : T.J Galiardi, Evgeny Grachev - PK : Ryan Russell
Extra Defensemen
Normal : Carl Gunnarsson, Jeff May, John Klingberg - PP : Carl Gunnarsson - PK : Jeff May, John Klingberg
Penalty Shots
Ryan Carter, Robbie Earl, Ben Smith, Jamie Benn, T.J Galiardi
% Time on Ice - Rafales
Lines # - Real PCT - Wanted PCT - Time Play
Normal Forward
1 - 36% - 40% - 19:10
2 - 30% - 30% - 16:18
3 - 22% - 20% - 11:47
4 - 12% - 10% - 6:38
Normal Defense
1 - 35% - 40% - 19:03
2 - 33% - 30% - 17:43
3 - 25% - 20% - 13:35
4 - 7% - 10% - 3:32
PP Forward
1 - 47% - 60% - 1:56
2 - 53% - 40% - 2:12
PP Defense
1 - 52% - 60% - 2:10
2 - 48% - 40% - 1:58
PK Forward
1 - 86% - 60% - 1:42
2 - 14% - 40% - 0:17
PK Defense
1 - 65% - 60% - 1:17
2 - 35% - 40% - 0:42
PK3 Forward
1 - 0% - 60%
2 - 0% - 40%
PK3 Defense
1 - 0% - 60%
2 - 0% - 40%
44 Forward
1 - 0% - 60%
2 - 0% - 40%
44 Defense
1 - 0% - 60%
2 - 0% - 40%
Last Minute Offensive - 0:00
Last Minute Defensive - 0:00
Total
Forward - 60:00
Defense - 60:00
|
% Time on Ice - Influenza
Lines # - Real PCT - Wanted PCT - Time Play
Normal Forward
1 - 33% - 40% - 18:03
2 - 32% - 30% - 17:04
3 - 20% - 20% - 10:31
4 - 15% - 10% - 8:15
Normal Defense
1 - 38% - 40% - 20:32
2 - 30% - 30% - 16:02
3 - 26% - 20% - 13:54
4 - 6% - 10% - 3:25
PP Forward
1 - 55% - 60% - 1:06
2 - 45% - 40% - 0:53
PP Defense
1 - 65% - 60% - 1:17
2 - 35% - 40% - 0:42
PK Forward
1 - 79% - 60% - 3:17
2 - 21% - 40% - 0:51
PK Defense
1 - 52% - 60% - 2:08
2 - 48% - 40% - 2:00
PK3 Forward
1 - 0% - 60%
2 - 0% - 40%
PK3 Defense
1 - 0% - 60%
2 - 0% - 40%
44 Forward
1 - 0% - 60%
2 - 0% - 40%
44 Defense
1 - 0% - 60%
2 - 0% - 40%
Last Minute Offensive - 0:00
Last Minute Defensive - 0:00
Total
Forward - 60:00
Defense - 60:00
|
Play by Play
1st period
0:01 of 1st period - Ryan Carter wins face-off versus Milan Bartovic in neutral zone.
0:52 of 1st period - Snap shot by Jeff Skinner.
0:52 of 1st period - Stopped by Alex Stalock with a rebound.
1:08 of 1st period - Ryan Russell is hit by Mike Sislo and loses puck.
1:13 of 1st period - Wrist shot by Johan Ryno.
1:13 of 1st period - Shot Misses the Net.
1:15 of 1st period - Snap shot by Willie Mitchell.
1:15 of 1st period - Shot Misses the Net.
1:17 of 1st period - Backhand shot by Willie Mitchell.
1:17 of 1st period - Shot Misses the Net.
1:19 of 1st period - Wrist shot by Petr Kalus.
1:19 of 1st period - Stopped by Alex Stalock without a rebound.
1:20 of 1st period - Mike Zigomanis wins face-off versus Ryan Carter in Influenza zone.
1:58 of 1st period - Icing by Jamie Benn.
1:59 of 1st period - Mike Zigomanis wins face-off versus Zac Dalpe in Influenza zone.
2:24 of 1st period - Jamie Benn is hit by Nathan Davis and loses puck.
2:33 of 1st period - Slapshot by John Klingberg.
2:33 of 1st period - Stopped by Eddie Lack with a rebound.
2:51 of 1st period - Snap shot by Ben Smith.
2:51 of 1st period - Stopped by Eddie Lack without a rebound.
2:52 of 1st period - Ryan Carter wins face-off versus Mike Zigomanis in Rafales zone.
2:59 of 1st period - Snap shot by Ryan Carter.
2:59 of 1st period - Stopped by Eddie Lack with a rebound.
3:03 of 1st period - Snap shot by Ben Smith.
3:03 of 1st period - Stopped by Eddie Lack without a rebound.
3:04 of 1st period - Petr Kalus wins face-off versus Evgeny Grachev in Rafales zone.
3:14 of 1st period - Off-side.
3:15 of 1st period - Ryan Carter wins face-off versus Mike Zigomanis in neutral zone.
3:24 of 1st period - Off-side.
3:25 of 1st period - Mike Zigomanis wins face-off versus Ryan Carter in neutral zone.
5:09 of 1st period - Slapshot by Ryan Carter.
5:09 of 1st period - Shot Blocked by Dmitry Kulikov.
5:19 of 1st period - Snap shot by Ben Smith.
5:19 of 1st period - Shot Misses the Net.
5:23 of 1st period - Snap shot by Ryan Carter.
5:23 of 1st period - Stopped by Eddie Lack without a rebound.
5:24 of 1st period - Evgeny Grachev wins face-off versus Nathan Davis in Rafales zone.
5:49 of 1st period - Jonathan Rheault is hit by Zac Dalpe and loses puck.
6:16 of 1st period - Snap shot by Mike Sislo.
6:16 of 1st period - Shot Misses the Net.
6:18 of 1st period - Slapshot by Willie Mitchell.
6:18 of 1st period - Shot Hit the Post.
6:32 of 1st period - Wrist shot by Evgeny Grachev.
6:32 of 1st period - Shot Blocked by Bruno Gervais.
6:36 of 1st period - Slapshot by Evgeny Grachev.
6:36 of 1st period - Shot Misses the Net.
7:22 of 1st period - Tim Crowder is hit by Zac Dalpe and loses puck.
7:37 of 1st period - Johan Ryno is hit by Colin McDonald and loses puck.
8:50 of 1st period - Icing by T.J Galiardi.
8:51 of 1st period - Zac Dalpe wins face-off versus Kevin Veilleux in Influenza zone.
8:57 of 1st period - Off-side.
8:58 of 1st period - Zac Dalpe wins face-off versus Nathan Davis in neutral zone.
9:01 of 1st period - Willie Mitchell is hit by Noah Welch and loses puck.
9:08 of 1st period - Wrist shot by Jamie Benn.
9:08 of 1st period - Stopped by Eddie Lack without a rebound.
9:09 of 1st period - Ryan Carter wins face-off versus Nathan Davis in Rafales zone.
9:34 of 1st period - Noah Welch is hit by Cody McLeod and loses puck.
9:39 of 1st period - Slapshot by Cody McLeod.
9:39 of 1st period - Deflect By Mike Zigomanis.
9:39 of 1st period - Shot Blocked by Noah Welch.
9:39 of 1st period - Puck is out of play.
9:40 of 1st period - Mike Zigomanis wins face-off versus Zac Dalpe in Influenza zone.
9:43 of 1st period - Backhand shot by Mike Zigomanis.
9:43 of 1st period - Stopped by Alex Stalock with a rebound.
10:05 of 1st period - Slapshot by Ryan Ellis.
10:05 of 1st period - Deflect By Nathan Davis.
10:05 of 1st period - Stopped by Alex Stalock with a rebound.
10:07 of 1st period - Snap shot by Michael Bournival.
10:07 of 1st period - Shot Blocked by Matt Corrente.
10:09 of 1st period - Slapshot by Bruno Gervais.
10:09 of 1st period - Deflect By Robbie Earl.
10:09 of 1st period - Stopped by Alex Stalock without a rebound.
10:10 of 1st period - Tim Crowder wins face-off versus Ryan Carter in Influenza zone.
10:31 of 1st period - Minor Penalty to Dmitry Kulikov for Hooking.
10:32 of 1st period - Mike Zigomanis wins face-off versus Ryan Carter in Rafales zone.
10:32 of 1st period - Mike Zigomanis is hit by Ryan Carter.
10:46 of 1st period - Wrist shot by Ben Smith.
10:46 of 1st period - Shot Misses the Net.
10:48 of 1st period - Slapshot by Noah Welch.
10:48 of 1st period - Deflect By Mike Zigomanis.
10:48 of 1st period - Stopped by Eddie Lack without a rebound.
10:49 of 1st period - Zac Dalpe wins face-off versus Mike Zigomanis in Rafales zone.
11:21 of 1st period - Willie Mitchell is hit by Noah Welch and loses puck.
12:31 of 1st period - Penalty to Dmitry Kulikov is over, Dmitry Kulikov is back on ice.
12:38 of 1st period - Wrist shot by Jeff Skinner.
12:38 of 1st period - Stopped by Alex Stalock without a rebound.
12:39 of 1st period - Kevin Veilleux wins face-off versus Evgeny Grachev in Influenza zone.
13:05 of 1st period - Noah Welch is hit by Jonas Junland and loses puck.
13:14 of 1st period - Minor Penalty to Colin McDonald for Tripping.
13:15 of 1st period - Ryan Carter wins face-off versus Mike Zigomanis in Influenza zone.
13:24 of 1st period - Wrist shot by Dmitry Kulikov.
13:24 of 1st period - Goal by Dmitry Kulikov - Rafales : 1 - Influenza : 0.
13:25 of 1st period - Cody McLeod wins face-off versus Ryan Carter in neutral zone.
13:32 of 1st period - Snap shot by Cody McLeod.
13:32 of 1st period - Shot Misses the Net.
13:34 of 1st period - Backhand shot by Bruno Gervais.
13:34 of 1st period - Stopped by Alex Stalock with a rebound.
13:36 of 1st period - Slapshot by Ryan Ellis.
13:36 of 1st period - Shot Misses the Net.
13:38 of 1st period - Snap shot by Bruno Gervais.
13:38 of 1st period - Deflect By Ryan Carter.
13:38 of 1st period - Stopped by Alex Stalock with a rebound.
13:40 of 1st period - Snap shot by Milan Bartovic.
13:40 of 1st period - Stopped by Alex Stalock with a rebound.
13:52 of 1st period - Bruno Gervais is hit by Zac Dalpe and loses puck.
14:09 of 1st period - Dmitry Kulikov is hit by Evgeny Grachev and loses puck.
14:35 of 1st period - Slapshot by Dmitry Kulikov.
14:35 of 1st period - Stopped by Alex Stalock with a rebound.
14:37 of 1st period - Slapshot by Mike Zigomanis.
14:37 of 1st period - Stopped by Alex Stalock with a rebound.
14:42 of 1st period - Icing by Noah Welch.
14:43 of 1st period - Nathan Davis wins face-off versus Charlie Coyle in Influenza zone.
14:56 of 1st period - Wrist shot by Nathan Davis.
14:56 of 1st period - Shot Blocked by Noah Welch.
16:04 of 1st period - Snap shot by Evgeny Grachev.
16:04 of 1st period - Shot Blocked by Petr Kalus.
16:36 of 1st period - Snap shot by Cody McLeod.
16:36 of 1st period - Stopped by Alex Stalock with a rebound.
16:59 of 1st period - Jeff Skinner is hit by Ryan Russell and loses puck.
17:20 of 1st period - Slapshot by T.J Galiardi.
17:20 of 1st period - Stopped by Eddie Lack with a rebound.
17:38 of 1st period - Wrist shot by Nathan Davis.
17:38 of 1st period - Stopped by Alex Stalock with a rebound.
17:40 of 1st period - Wrist shot by Tim Crowder.
17:40 of 1st period - Stopped by Alex Stalock without a rebound.
17:41 of 1st period - Nathan Davis wins face-off versus Ryan Carter in Influenza zone.
17:42 of 1st period - Slapshot by Tim Crowder.
17:42 of 1st period - Stopped by Alex Stalock without a rebound.
17:43 of 1st period - Ryan Carter wins face-off versus Nathan Davis in Influenza zone.
17:48 of 1st period - Snap shot by Robbie Earl.
17:48 of 1st period - Shot Misses the Net.
17:56 of 1st period - Snap shot by Ben Smith.
17:56 of 1st period - Shot Hit the Post.
18:07 of 1st period - Slapshot by Ryan Ellis.
18:07 of 1st period - Shot Misses the Net.
18:15 of 1st period - Nathan Davis is hit by Matt Corrente and loses puck.
18:50 of 1st period - Slapshot by Ryan Ellis.
18:50 of 1st period - Deflect By Michael Bournival.
18:50 of 1st period - Stopped by Alex Stalock without a rebound.
18:51 of 1st period - Mike Zigomanis wins face-off versus Ryan Carter in Influenza zone.
19:24 of 1st period - Off-side.
19:25 of 1st period - Ryan Carter wins face-off versus Jeff Skinner in neutral zone.
19:52 of 1st period - Jeremy Morin is hit by Bruno Gervais and loses puck.
19:59 of 1st period - Snap shot by Milan Bartovic.
19:59 of 1st period - Deflect By Cody McLeod.
19:59 of 1st period - Goal by Cody McLeod - Rafales : 2 - Influenza : 0.
Goals for this period are 2 for Rafales vs 0 for Influenza.
Shots for this period are 18 for Rafales vs 8 for Influenza.
2nd period
0:01 of 2nd period - Mike Zigomanis wins face-off versus Ryan Carter in neutral zone.
0:16 of 2nd period - Snap shot by Mike Zigomanis.
0:16 of 2nd period - Shot Blocked by Noah Welch.
1:12 of 2nd period - Snap shot by Johan Ryno.
1:12 of 2nd period - Shot Blocked by Matt Corrente.
1:30 of 2nd period - Snap shot by Ryan Carter.
1:30 of 2nd period - Shot Blocked by Dmitry Kulikov.
2:02 of 2nd period - Wrist shot by Kevin Veilleux.
2:02 of 2nd period - Stopped by Alex Stalock without a rebound.
2:03 of 2nd period - Mike Zigomanis wins face-off versus Zac Dalpe in Influenza zone.
2:14 of 2nd period - Slapshot by Mathieu Carle.
2:14 of 2nd period - Shot Misses the Net.
2:16 of 2nd period - Wrist shot by Jamie Benn.
2:16 of 2nd period - Stopped by Eddie Lack without a rebound.
2:17 of 2nd period - Ryan Carter wins face-off versus Mike Zigomanis in Rafales zone.
2:18 of 2nd period - Snap shot by Ben Smith.
2:18 of 2nd period - Stopped by Eddie Lack with a rebound.
2:20 of 2nd period - Wrist shot by Ryan Carter.
2:20 of 2nd period - Shot Misses the Net.
3:10 of 2nd period - Slapshot by Mike Sislo.
3:10 of 2nd period - Stopped by Alex Stalock with a rebound.
3:22 of 2nd period - John Klingberg is hit by Jonas Junland and loses puck.
3:43 of 2nd period - Mike Zigomanis is hit by Ben Smith and loses puck.
5:19 of 2nd period - Wrist shot by Jamie Benn.
5:19 of 2nd period - Shot Blocked by Jeff Skinner.
5:21 of 2nd period - Snap shot by Mathieu Carle.
5:21 of 2nd period - Stopped by Eddie Lack without a rebound.
5:22 of 2nd period - Robbie Earl wins face-off versus Mike Zigomanis in Rafales zone.
5:35 of 2nd period - Slapshot by John Klingberg.
5:35 of 2nd period - Shot Misses the Net.
6:18 of 2nd period - Snap shot by Corey Tropp.
6:18 of 2nd period - Shot Misses the Net.
6:33 of 2nd period - Slapshot by Ryan Ellis.
6:33 of 2nd period - Shot Misses the Net.
6:35 of 2nd period - Wrist shot by Jonathan Rheault.
6:35 of 2nd period - Shot Misses the Net.
6:37 of 2nd period - Snap shot by Jeff Skinner.
6:37 of 2nd period - Shot Blocked by Matt Corrente.
6:43 of 2nd period - Colin McDonald is hit by Bruno Gervais and loses puck.
7:21 of 2nd period - Snap shot by Tim Crowder.
7:21 of 2nd period - Stopped by Alex Stalock without a rebound.
7:22 of 2nd period - Zac Dalpe wins face-off versus Mike Zigomanis in Influenza zone.
7:36 of 2nd period - Wrist shot by Zac Dalpe.
7:36 of 2nd period - Shot Misses the Net.
7:38 of 2nd period - Slapshot by Mathieu Carle.
7:38 of 2nd period - Stopped by Eddie Lack with a rebound.
7:56 of 2nd period - Snap shot by Evgeny Grachev.
7:56 of 2nd period - Deflect By T.J Galiardi.
7:56 of 2nd period - Stopped by Eddie Lack with a rebound.
9:00 of 2nd period - Snap shot by Johan Ryno.
9:00 of 2nd period - Stopped by Alex Stalock with a rebound.
9:02 of 2nd period - Backhand shot by Johan Ryno.
9:02 of 2nd period - Stopped by Alex Stalock with a rebound.
9:07 of 2nd period - Icing by Noah Welch.
9:08 of 2nd period - Nathan Davis wins face-off versus Zac Dalpe in Influenza zone.
9:09 of 2nd period - Snap shot by Tim Crowder.
9:09 of 2nd period - Stopped by Alex Stalock with a rebound.
9:16 of 2nd period - Off-side.
9:17 of 2nd period - Nathan Davis wins face-off versus Ryan Carter in neutral zone.
9:20 of 2nd period - Slapshot by Michael Bournival.
9:20 of 2nd period - Shot Blocked by Mathieu Carle.
9:48 of 2nd period - Snap shot by Cody McLeod.
9:48 of 2nd period - Stopped by Alex Stalock without a rebound.
9:49 of 2nd period - Ryan Carter wins face-off versus Mike Zigomanis in Influenza zone.
9:51 of 2nd period - Icing by Matt Corrente.
9:52 of 2nd period - Mike Zigomanis wins face-off versus Ryan Carter in Influenza zone.
10:59 of 2nd period - Jeff Skinner is hit by Colin McDonald and loses puck.
11:08 of 2nd period - Wrist shot by Colin McDonald.
11:08 of 2nd period - Shot Blocked by Jonathan Rheault.
11:25 of 2nd period - Snap shot by Robbie Earl.
11:25 of 2nd period - Stopped by Eddie Lack with a rebound.
11:34 of 2nd period - Icing by Milan Bartovic.
11:35 of 2nd period - Nathan Davis wins face-off versus Zac Dalpe in Rafales zone.
11:44 of 2nd period - Wrist shot by Nathan Davis.
11:44 of 2nd period - Goal by Nathan Davis - Rafales : 3 - Influenza : 0.
11:45 of 2nd period - Mike Zigomanis wins face-off versus Robbie Earl in neutral zone.
12:10 of 2nd period - Dmitry Kulikov is hit by Zac Dalpe.
13:01 of 2nd period - Icing by Evgeny Grachev.
13:02 of 2nd period - Evgeny Grachev wins face-off versus Nathan Davis in Influenza zone.
13:17 of 2nd period - Jeff May is hit by Nathan Davis and loses puck.
13:30 of 2nd period - Snap shot by Cody McLeod.
13:30 of 2nd period - Shot Blocked by Robbie Earl.
13:36 of 2nd period - Wrist shot by Ryan Carter.
13:36 of 2nd period - Stopped by Eddie Lack without a rebound.
13:37 of 2nd period - Robbie Earl wins face-off versus Mike Zigomanis in Rafales zone.
14:04 of 2nd period - Jeremy Morin is hit by Michael Bournival and loses puck.
14:11 of 2nd period - Snap shot by Nathan Davis.
14:11 of 2nd period - Deflect By Michael Bournival.
14:11 of 2nd period - Stopped by Alex Stalock with a rebound.
14:13 of 2nd period - Wrist shot by Michael Bournival.
14:13 of 2nd period - Deflect By Nathan Davis.
14:13 of 2nd period - Goal by Nathan Davis - Rafales : 4 - Influenza : 0.
14:14 of 2nd period - Milan Bartovic wins face-off versus Ryan Carter in neutral zone.
14:23 of 2nd period - Dmitry Kulikov is hit by Robbie Earl and loses puck.
14:28 of 2nd period - Slapshot by Ben Smith.
14:28 of 2nd period - Shot Misses the Net.
14:42 of 2nd period - Icing by Jeremy Morin.
14:43 of 2nd period - Jamie Benn wins face-off versus Tim Crowder in Influenza zone.
14:52 of 2nd period - Snap shot by Zac Dalpe.
14:52 of 2nd period - Stopped by Eddie Lack with a rebound.
14:54 of 2nd period - Snap shot by Matt Corrente.
14:54 of 2nd period - Deflect By Nathan Davis.
14:54 of 2nd period - Stopped by Eddie Lack without a rebound.
14:55 of 2nd period - Ryan Carter wins face-off versus Milan Bartovic in Rafales zone.
15:04 of 2nd period - Ben Smith is hit by Cody McLeod and loses puck.
15:09 of 2nd period - Wrist shot by Mike Zigomanis.
15:09 of 2nd period - Shot Blocked by Noah Welch.
15:11 of 2nd period - Slapshot by Jonas Junland.
15:11 of 2nd period - Deflect By Ryan Carter.
15:11 of 2nd period - Stopped by Alex Stalock without a rebound.
15:12 of 2nd period - Nathan Davis wins face-off versus Jamie Benn in Influenza zone.
15:25 of 2nd period - Wrist shot by Jamie Benn.
15:25 of 2nd period - Shot Misses the Net.
15:37 of 2nd period - Mathieu Carle is hit by Bruno Gervais.
16:17 of 2nd period - Slapshot by Kevin Veilleux.
16:17 of 2nd period - Deflect By Jeff Skinner.
16:17 of 2nd period - Stopped by Alex Stalock without a rebound.
16:18 of 2nd period - Nathan Davis wins face-off versus Zac Dalpe in Influenza zone.
16:19 of 2nd period - Slapshot by Ryan Ellis.
16:19 of 2nd period - Shot Misses the Net.
16:29 of 2nd period - Snap shot by Zac Dalpe.
16:29 of 2nd period - Stopped by Eddie Lack without a rebound.
16:30 of 2nd period - Ben Smith wins face-off versus Mike Zigomanis in Rafales zone.
17:32 of 2nd period - Minor Penalty to Corey Tropp for Hooking.
17:33 of 2nd period - Mike Zigomanis wins face-off versus Ryan Carter in Influenza zone.
17:42 of 2nd period - Off-side.
17:43 of 2nd period - Mike Zigomanis wins face-off versus Ryan Carter in neutral zone.
17:56 of 2nd period - Matt Corrente is hit by Cody McLeod and loses puck.
18:20 of 2nd period - Off-side.
18:21 of 2nd period - Ben Smith wins face-off versus Nathan Davis in neutral zone.
18:28 of 2nd period - Icing by Tim Crowder.
18:29 of 2nd period - Nathan Davis wins face-off versus Ben Smith in Rafales zone.
18:38 of 2nd period - Snap shot by Tim Crowder.
18:38 of 2nd period - Stopped by Alex Stalock with a rebound.
18:40 of 2nd period - Snap shot by Mike Sislo.
18:40 of 2nd period - Shot Misses the Net.
19:00 of 2nd period - Snap shot by Mike Sislo.
19:00 of 2nd period - Deflect By Tim Crowder.
19:00 of 2nd period - Stopped by Alex Stalock without a rebound.
19:01 of 2nd period - Ryan Carter wins face-off versus Mike Zigomanis in Influenza zone.
19:32 of 2nd period - Penalty to Corey Tropp is over, Corey Tropp is back on ice.
19:40 of 2nd period - Slapshot by John Klingberg.
19:40 of 2nd period - Stopped by Eddie Lack with a rebound.
19:42 of 2nd period - Slapshot by John Klingberg.
19:42 of 2nd period - Stopped by Eddie Lack with a rebound.
19:44 of 2nd period - Snap shot by Corey Tropp.
19:44 of 2nd period - Shot Blocked by Ryan Ellis.
19:46 of 2nd period - Wrist shot by Ryan Carter.
19:46 of 2nd period - Stopped by Eddie Lack with a rebound.
Goals for this period are 2 for Rafales vs 0 for Influenza.
Shots for this period are 14 for Rafales vs 13 for Influenza.
3rd period
0:01 of 3rd period - Robbie Earl wins face-off versus Mike Zigomanis in neutral zone.
0:15 of 3rd period - Icing by Mathieu Carle.
0:16 of 3rd period - Ryan Carter wins face-off versus Nathan Davis in Influenza zone.
1:30 of 3rd period - Slapshot by John Klingberg.
1:30 of 3rd period - Deflect By Ryan Russell.
1:30 of 3rd period - Stopped by Eddie Lack with a rebound.
1:32 of 3rd period - Slapshot by Matt Corrente.
1:32 of 3rd period - Shot Blocked by Mark Fayne.
2:29 of 3rd period - Jonas Junland is hit by Corey Tropp and loses puck.
2:30 of 3rd period - Jonas Junland from Rafales is injured at 2:30 of 3rd period (Groin).
2:31 of 3rd period - Ryan Carter wins face-off versus Mike Zigomanis in Rafales zone.
3:04 of 3rd period - Snap shot by Jamie Benn.
3:04 of 3rd period - Stopped by Eddie Lack without a rebound.
3:05 of 3rd period - Mike Zigomanis wins face-off versus Zac Dalpe in Rafales zone.
3:10 of 3rd period - Wrist shot by Zac Dalpe.
3:10 of 3rd period - Stopped by Eddie Lack with a rebound.
3:12 of 3rd period - Wrist shot by Zac Dalpe.
3:12 of 3rd period - Shot Misses the Net.
3:30 of 3rd period - Matt Corrente is hit by Kevin Veilleux and loses puck.
4:04 of 3rd period - Slapshot by Ryan Ellis.
4:04 of 3rd period - Stopped by Alex Stalock without a rebound.
4:05 of 3rd period - Mike Zigomanis wins face-off versus Ryan Carter in Influenza zone.
4:14 of 3rd period - Snap shot by Ryan Carter.
4:14 of 3rd period - Goal by Ryan Carter - Rafales : 4 - Influenza : 1.
4:15 of 3rd period - Ryan Carter wins face-off versus Mike Zigomanis in neutral zone.
5:05 of 3rd period - Jamie Benn is hit by Kevin Veilleux and loses puck.
5:20 of 3rd period - Ryan Ellis is hit by Matt Corrente and loses puck.
5:50 of 3rd period - Snap shot by Nathan Davis.
5:50 of 3rd period - Goal by Nathan Davis - Rafales : 5 - Influenza : 1.
5:51 of 3rd period - Mike Zigomanis wins face-off versus Ryan Carter in neutral zone.
6:01 of 3rd period - Slapshot by Milan Bartovic.
6:01 of 3rd period - Shot Misses the Net.
7:12 of 3rd period - Icing by Matt Corrente.
7:13 of 3rd period - Evgeny Grachev wins face-off versus Milan Bartovic in Influenza zone.
7:27 of 3rd period - Off-side.
7:28 of 3rd period - Ryan Carter wins face-off versus Nathan Davis in neutral zone.
8:01 of 3rd period - Icing by Carl Gunnarsson.
8:02 of 3rd period - Zac Dalpe wins face-off versus Mike Zigomanis in Influenza zone.
8:09 of 3rd period - Snap shot by Jamie Benn.
8:09 of 3rd period - Shot Hit the Post.
8:23 of 3rd period - Snap shot by Zac Dalpe.
8:23 of 3rd period - Stopped by Eddie Lack with a rebound.
8:25 of 3rd period - Wrist shot by Jeremy Morin.
8:25 of 3rd period - Shot Misses the Net.
8:27 of 3rd period - Wrist shot by Jamie Benn.
8:27 of 3rd period - Shot Misses the Net.
8:29 of 3rd period - Wrist shot by Jeremy Morin.
8:29 of 3rd period - Stopped by Eddie Lack with a rebound.
8:31 of 3rd period - Snap shot by Jamie Benn.
8:31 of 3rd period - Shot Misses the Net.
8:38 of 3rd period - Backhand shot by Jeff May.
8:38 of 3rd period - Stopped by Eddie Lack with a rebound.
8:40 of 3rd period - Snap shot by Zac Dalpe.
8:40 of 3rd period - Shot Blocked by Mike Zigomanis.
8:42 of 3rd period - Slapshot by Jeff May.
8:42 of 3rd period - Shot Blocked by Milan Bartovic.
8:44 of 3rd period - Snap shot by Jamie Benn.
8:44 of 3rd period - Shot Blocked by Dmitry Kulikov.
8:54 of 3rd period - Jeremy Morin is hit by Milan Bartovic and loses puck.
9:06 of 3rd period - Off-side.
9:07 of 3rd period - Ben Smith wins face-off versus Nathan Davis in neutral zone.
9:23 of 3rd period - Wrist shot by Michael Bournival.
9:23 of 3rd period - Shot Blocked by Ben Smith.
9:40 of 3rd period - Wrist shot by T.J Galiardi.
9:40 of 3rd period - Shot Blocked by Bruno Gervais.
9:42 of 3rd period - Wrist shot by T.J Galiardi.
9:42 of 3rd period - Stopped by Eddie Lack without a rebound.
9:43 of 3rd period - Petr Kalus wins face-off versus Ryan Carter in Rafales zone.
9:54 of 3rd period - Backhand shot by Robbie Earl.
9:54 of 3rd period - Shot Misses the Net.
9:56 of 3rd period - Snap shot by Robbie Earl.
9:56 of 3rd period - Stopped by Eddie Lack without a rebound.
9:57 of 3rd period - Nathan Davis wins face-off versus Evgeny Grachev in Rafales zone.
10:16 of 3rd period - Willie Mitchell is hit by Mathieu Carle.
10:46 of 3rd period - Cody McLeod is hit by Colin McDonald and loses puck.
11:11 of 3rd period - Charlie Coyle is hit by Ryan Ellis and loses puck.
11:18 of 3rd period - Wrist shot by Mike Zigomanis.
11:18 of 3rd period - Shot Misses the Net.
11:24 of 3rd period - Snap shot by Mike Zigomanis.
11:24 of 3rd period - Shot Misses the Net.
11:26 of 3rd period - Minor Penalty to Colin McDonald for Slashing.
11:27 of 3rd period - Ryan Carter wins face-off versus Nathan Davis in Influenza zone.
13:09 of 3rd period - Wrist shot by Johan Ryno.
13:09 of 3rd period - Shot Misses the Net.
13:11 of 3rd period - Snap shot by Jeff Skinner.
13:11 of 3rd period - Shot Hit the Post.
13:13 of 3rd period - Snap shot by Bruno Gervais.
13:13 of 3rd period - Stopped by Alex Stalock without a rebound.
13:14 of 3rd period - Ryan Carter wins face-off versus Nathan Davis in Influenza zone.
13:26 of 3rd period - Penalty to Colin McDonald is over, Colin McDonald is back on ice.
14:18 of 3rd period - Wrist shot by Noah Welch.
14:18 of 3rd period - Stopped by Eddie Lack with a rebound.
15:36 of 3rd period - Slapshot by Ryan Ellis.
15:36 of 3rd period - Stopped by Alex Stalock with a rebound.
15:38 of 3rd period - Slapshot by Cody McLeod.
15:38 of 3rd period - Stopped by Alex Stalock without a rebound.
15:39 of 3rd period - Kevin Veilleux wins face-off versus Ryan Carter in Influenza zone.
15:55 of 3rd period - Ryan Carter is hit by Cody McLeod and loses puck.
16:57 of 3rd period - Icing by Michael Bournival.
16:58 of 3rd period - Charlie Coyle wins face-off versus Nathan Davis in Rafales zone.
17:07 of 3rd period - Snap shot by Noah Welch.
17:07 of 3rd period - Stopped by Eddie Lack with a rebound.
17:09 of 3rd period - Snap shot by Ryan Russell.
17:09 of 3rd period - Stopped by Eddie Lack without a rebound.
17:10 of 3rd period - Ryan Carter wins face-off versus Mike Zigomanis in Rafales zone.
17:23 of 3rd period - Wrist shot by Ben Smith.
17:23 of 3rd period - Goal by Ben Smith - Rafales : 5 - Influenza : 2.
17:24 of 3rd period - Ryan Carter wins face-off versus Mike Zigomanis in neutral zone.
17:51 of 3rd period - Mathieu Carle is hit by Kevin Veilleux and loses puck.
18:00 of 3rd period - Slapshot by Jonathan Rheault.
18:00 of 3rd period - Stopped by Alex Stalock with a rebound.
18:02 of 3rd period - Wrist shot by Kevin Veilleux.
18:02 of 3rd period - Stopped by Alex Stalock without a rebound.
18:03 of 3rd period - Evgeny Grachev wins face-off versus Nathan Davis in Influenza zone.
19:01 of 3rd period - Zac Dalpe is hit by Jonathan Rheault.
19:30 of 3rd period - Slapshot by Zac Dalpe.
19:30 of 3rd period - Stopped by Eddie Lack with a rebound.
19:50 of 3rd period - Wrist shot by Jeremy Morin.
19:50 of 3rd period - Shot Hit the Post.
19:52 of 3rd period - Wrist shot by Jeremy Morin.
19:52 of 3rd period - Goal by Jeremy Morin - Rafales : 5 - Influenza : 3.
19:53 of 3rd period - T.J Galiardi wins face-off versus Nathan Davis in neutral zone.
Goals for this period are 1 for Rafales vs 3 for Influenza.
Shots for this period are 7 for Rafales vs 15 for Influenza.
Back to the Top